[Event "December 5 Early 2023"]
[Site "https://www.chess.com"]
[Date "2023.12.05"]
[Round "7"]
[White "Melikhov, Evgeny V."]
[Black "Slade, Theodore"]
[Result "0-1"]
[Board "114"]
[TimeControl "180+1"]
[WhiteFideId "4122046"]
[BlackFideId "426547"]
[WhiteElo "2385"]
[BlackElo "2521"]
[WhiteTeam "GRE"]
[BlackTeam "ENG"]
[WhiteClock "0:00:10"]
[BlackClock "0:01:21"]

1. d4 d5 2. c4 e6 3. Nc3 a6 4. cxd5 exd5 5. Nf3 c6 6. Bg5 Be7 7. Bxe7 Nxe7 8. e3 O-O 9. Be2 Bg4 10. O-O Nd7 11. b4 b5 12. a4 Nb6 13. axb5 axb5 14. Ne5 Bxe2 15. Qxe2 Qd6 16. Nd3 Nc4 17. Nc5 f5 18. f3 Rae8 19. Rfe1 Ng6 20. Qf2 Re7 21. Re2 Rfe8 22. Rae1 Rf7 23. g3 Ra8 24. Ra2 Rfa7 25. Rxa7 Rxa7 26. e4 fxe4 27. fxe4 Rf7 28. Qe2 dxe4 29. Qxe4 Re7 30. Ne6 Nf8 31. Nxf8 Rxe4 0-1

[Event "December 5 Early 2023"]
[Site "https://www.chess.com"]
[Date "2023.12.05"]
[Round "7"]
[White "Seder, Mohammed"]
[Black "Masague Artero, Guerau"]
[Result "0-1"]
[Board "115"]
[TimeControl "180+1"]
[WhiteFideId "11505567"]
[BlackFideId "32098952"]
[WhiteElo "2369"]
[BlackElo "2521"]
[WhiteTeam "PLE"]
[BlackTeam "ESP"]
[WhiteClock "0:00:02"]
[BlackClock "0:00:17"]

1. e4 g6 2. Nf3 Bg7 3. d3 c5 4. g3 Nc6 5. Bg2 d6 6. O-O e5 7. Nc3 Nge7 8. Ne1 Nd4 9. f4 Rb8 10. h3 b5 11. Nf3 O-O 12. Be3 b4 13. Ne2 Nxe2+ 14. Qxe2 exf4 15. gxf4 Bxb2 16. Rab1 Bg7 17. d4 Qa5 18. dxc5 Ba6 19. Qf2 Bxf1 20. Bxf1 dxc5 21. Bxc5 Rfe8 22. Bxa7 Rbc8 23. Bd4 Qxa2 24. Rb2 Bxd4 25. Qxd4 Qa3 26. Ne5 Qg3+ 27. Bg2 Qxf4 28. Ng4 Nc6 29. Nf6+ Kh8 30. Nh5+ Nxd4 31. Nxf4 Rxc2 32. Rxb4 Ne2+ 33. Nxe2 Rxe2 34. Rb7 Kg7 35. Kf1 Ra2 36. Kg1 h5 37. Kh2 h4 38. Kg1 Rc8 39. Rb1 Rc3 40. Re1 Rg3 41. Kh1 Raxg2 42. e5 Rf2 43. e6 fxe6 44. Rxe6 Rxh3+ 45. Kg1 Rf6 46. Re7+ Kh6 47. Re4 Rg3+ 48. Kh2 g5 49. Kh1 Kh5 50. Kh2 Rf2+ 51. Kh1 Rc3 52. Re1 Rfc2 53. Rf1 h3 54. Rg1 Kh4 55. Rf1 Rb3 56. Rg1 Rbb2 57. Rd1 g4 58. Kg1 Rg2+ 59. Kf1 Rh2 60. Kg1 Rbg2+ 61. Kf1 Rh1# 0-1

[Event "December 5 Early 2023"]
[Site "https://www.chess.com"]
[Date "2023.12.05"]
[Round "7"]
[White "Zivic, Dragan"]
[Black "Rietze, Clemens, Dr."]
[Result "1/2-1/2"]
[Board "116"]
[TimeControl "180+1"]
[WhiteFideId "904740"]
[BlackFideId "24620351"]
[WhiteElo "2344"]
[BlackElo "2519"]
[WhiteTeam "SRB"]
[BlackTeam "GER"]
[WhiteClock "0:00:08"]
[BlackClock "0:00:08"]

1. c4 e6 2. Nc3 d5 3. cxd5 exd5 4. d4 Bb4 5. Bf4 Nf6 6. e3 Ne4 7. Ne2 Nc6 8. a3 Nxc3 9. Nxc3 Ba5 10. b4 Bb6 11. Bd3 Be6 12. O-O Ne7 13. Na4 c6 14. Nxb6 axb6 15. Qc2 Qd7 16. f3 Bf5 17. Rfd1 O-O 18. g4 Bg6 19. h4 Rfe8 20. h5 Bxd3 21. Qxd3 h6 22. Kf2 Nc8 23. Rg1 f6 24. a4 Nd6 25. Qg6 Nf7 26. Qf5 Re6 27. a5 bxa5 28. bxa5 Nd6 29. Qg6 Nf7 30. Rgb1 Re7 31. Rb6 Ng5 32. Bxg5 fxg5 33. a6 bxa6 34. Rbxa6 Rae8 35. R1a3 Re6 36. Qf5 Qd6 37. Kg2 Rf6 38. Qd3 Ref8 39. e4 dxe4 40. Qxe4 Re6 41. Qd3 Kh8 42. Ra2 Ref6 43. Rf2 Qf4 44. Qe4 Qc1 45. Qe2 Qf4 46. Qd3 Qc7 47. d5 cxd5 48. Rxf6 Rxf6 49. Qxd5 Rf8 50. Qe6 Qf4 51. Qg6 Qc1 52. Qe4 Qc7 53. Qg6 Qd7 54. Qe4 Re8 55. Qg6 Rf8 56. Qe4 Qf7 57. Qe5 Qd7 58. Qe4 1/2-1/2

[Event "December 5 Early 2023"]
[Site "https://www.chess.com"]
[Date "2023.12.05"]
[Round "7"]
[White "Kurmangaliyeva, Liya"]
[Black "Gruzman, Ilya"]
[Result "1/2-1/2"]
[Board "117"]
[TimeControl "180+1"]
[WhiteFideId "13725831"]
[BlackFideId "2812703"]
[WhiteElo "2517"]
[BlackElo "2328"]
[WhiteTeam "KAZ"]
[BlackTeam "ISR"]
[WhiteClock "0:00:06"]
[BlackClock "0:00:06"]

1. d4 Nf6 2. Nf3 g6 3. Nbd2 d5 4. b3 Bg7 5. Bb2 O-O 6. e3 c5 7. dxc5 Nc6 8. a3 a5 9. c4 Re8 10. cxd5 Nxd5 11. Bxg7 Kxg7 12. Qc2 e5 13. Bb5 Kg8 14. Rd1 Qe7 15. Ne4 Nf6 16. Nd6 Rd8 17. Ng5 Be6 18. Nxe6 Qxe6 19. Bc4 Qg4 20. O-O Kg7 21. h3 Qh5 22. Nxf7 Rxd1 23. Rxd1 Rf8 24. Nd6 e4 25. Be2 Qe5 26. Qc4 Qe7 27. Qb5 Rb8 28. Nc4 Ne5 29. Nxe5 Qxe5 30. Qxa5 Nd5 31. Rd4 Rf8 32. Qd2 Nf6 33. b4 Ra8 34. Qc3 Rc8 35. Bc4 Kh6 36. Qd2 Ra8 37. Qc3 Rc8 38. a4 g5 39. Be2 Rc6 40. Qb3 b6 41. Qf7 bxc5 42. Qf8+ Kg6 43. bxc5 Rxc5 44. Rd1 Rc2 45. Bf1 Qf5 46. f4 exf3 47. Bd3 Rxg2+ 48. Kf1 Ne4 49. Qxf5+ Kxf5 50. Bb1 Rf2+ 51. Kg1 Rg2+ 52. Kf1 Ke5 53. Bxe4 Kxe4 54. Rd8 Kxe3 55. Re8+ Kf4 56. Rf8+ Kg3 57. Rf5 Kxh3 58. Rxf3+ Kh2 59. Rf5 h5 60. a5 h4 61. a6 h3 62. a7 Ra2 63. Rf2+ Rxf2+ 64. Kxf2 g4 65. a8=Q g3+ 66. Kf3 g2 67. Qb8+ Kh1 68. Kg3 g1=Q+ 69. Kxh3 Qg2+ 70. Kh4 Qh2+ 71. Qxh2+ Kxh2 1/2-1/2

[Event "December 5 Early 2023"]
[Site "https://www.chess.com"]
[Date "2023.12.05"]
[Round "7"]
[White "Antonio, Jorge Carlos"]
[Black "Gutierrez Olivares, Daniel"]
[Result "0-1"]
[Board "118"]
[TimeControl "180+1"]
[WhiteFideId "113190"]
[BlackFideId "2264005"]
[WhiteElo "2318"]
[BlackElo "2517"]
[WhiteTeam "ARG"]
[BlackTeam "ESP"]
[WhiteClock "0:02:10"]
[BlackClock "0:02:32"]

1. d4 e6 2. Nf3 Nf6 3. Bf4 c5 4. e3 b6 5. c3 Bb7 6. Nbd2 cxd4 7. exd4 d6 8. Be2 Be7 9. O-O O-O 10. Re1 Nbd7 11. Bf1 Re8 12. Qb3 Nf8 13. Re2 Ng6 14. Bg3 Nh5 15. Rae1 Nhf4 16. Re3 Bf8 17. h3 h5 18. Bh2 h4 19. Ng5 Qxg5 0-1

[Event "December 5 Early 2023"]
[Site "https://www.chess.com"]
[Date "2023.12.05"]
[Round "7"]
[White "Yashmetov, Mikhail"]
[Black "Borawski, Jakub"]
[Result "1-0"]
[Board "119"]
[TimeControl "180+1"]
[WhiteFideId "24198900"]
[BlackFideId "1143000"]
[WhiteElo "2514"]
[BlackElo "2252"]
[WhiteTeam "RUS"]
[BlackTeam "POL"]
[WhiteClock "0:01:48"]
[BlackClock "0:01:10"]

1. g4 d5 2. Bg2 Bxg4 3. c4 c6 4. Qb3 Qb6 5. cxd5 Nf6 6. Nc3 cxd5 7. Nxd5 Nxd5 8. Bxd5 Nc6 9. Bxf7+ Kd8 10. Qd5+ Kc8 11. Be6+ Bxe6 12. Qxe6+ Kd8 13. Nf3 h6 14. d4 Rc8 15. O-O Qa5 16. d5 Nb4 17. Ne5 Nc2 18. Qd7# 1-0

[Event "December 5 Early 2023"]
[Site "https://www.chess.com"]
[Date "2023.12.05"]
[Round "7"]
[White "Rodriguez Fontecha, Marcos"]
[Black "Mishra, Manoj"]
[Result "1-0"]
[Board "120"]
[TimeControl "180+1"]
[WhiteFideId "2256576"]
[BlackFideId "5006007"]
[WhiteElo "2508"]
[BlackElo "2245"]
[WhiteTeam "ESP"]
[BlackTeam "IND"]
[WhiteClock "0:00:33"]
[BlackClock "0:00:00"]

1. d4 Nf6 2. Nf3 c5 3. Nc3 cxd4 4. Qxd4 Nc6 5. Qh4 d5 6. Bg5 d4 7. O-O-O e5 8. e3 h6 9. exd4 hxg5 10. Qxh8 exd4 11. Bb5 Qb6 12. Nxd4 Be6 13. Nxe6 fxe6 14. Rhe1 Kf7 15. Bc4 Ba3 16. Bxe6+ Kg6 17. Bf5+ Kf7 18. Rd7+ Nxd7 19. Qh5+ Kf8 20. bxa3 Qxf2 21. Qd1 Nf6 22. Rf1 Qe3+ 23. Qd2 Qxd2+ 24. Kxd2 Rd8+ 25. Kc1 Nd4 26. Bd3 Kg8 27. a4 a6 28. Re1 Rc8 29. Kb2 b5 30. axb5 axb5 31. Re5 b4 32. Nd5 Nxd5 33. Rxd5 Ne6 34. Bf5 Rc6 35. Bxe6+ Rxe6 36. Rxg5 Re2 37. Kb3 Kf7 38. h4 Kf6 39. g3 g6 40. Rg4 Kf5 41. Rf4+ Ke5 42. Rxb4 Re3+ 43. Kb2 Rxg3 44. a4 Kd5 45. a5 Kc5 46. Rb3 Rg4 47. a6 Rxh4 48. a7 Rh8 49. Rb8 1-0

[Event "December 5 Early 2023"]
[Site "https://www.chess.com"]
[Date "2023.12.05"]
[Round "7"]
[White "Rodriguez Avila, Alvaro"]
[Black "Budrewicz, Krzysztof"]
[Result "0-1"]
[Board "121"]
[TimeControl "180+1"]
[WhiteFideId "24570249"]
[BlackFideId "1127950"]
[WhiteElo "2244"]
[BlackElo "2508"]
[WhiteTeam "ESP"]
[BlackTeam "POL"]
[WhiteClock "0:00:00"]
[BlackClock "0:01:23"]

1. e4 g6 2. d4 Bg7 3. Nc3 c5 4. dxc5 Bxc3+ 5. bxc3 Nc6 6. Nf3 Qa5 7. Bd3 Qxc3+ 8. Bd2 Qxc5 9. O-O d6 10. Rb1 a6 11. Be3 Qa5 12. Bc4 Nf6 13. Bh6 Nxe4 14. Rb3 Qh5 15. Bg7 Rg8 16. Ba1 Be6 17. Bxe6 fxe6 18. Rxb7 Rc8 19. Qe2 Nc5 20. Rbb1 e5 21. Qc4 Rf8 22. Rb6 Qf5 23. Qd5 Qe4 24. Qd1 h6 25. Re1 Qc4 26. Nd2 Qd5 27. c4 Qd3 28. Re3 Qf5 29. Qe1 Nd3 30. Rxd3 Qxd3 31. Ne4 Qxc4 32. Rb7 Nd4 33. Bxd4 Qxd4 34. h3 Qd5 35. Qb1 Qc6 36. Ra7 Qc1+ 37. Qxc1 Rxc1+ 38. Kh2 Rc6 39. Ra8+ Kf7 40. Ra7 Rfc8 41. Kg3 Ke6 42. Kf3 d5 43. Nd2 Rc3+ 44. Ke2 R8c6 45. Ra8 Rc2 46. a3 Ra2 47. Ke1 Rc1+ 48. Ke2 Rcc2 0-1

[Event "December 5 Early 2023"]
[Site "https://www.chess.com"]
[Date "2023.12.05"]
[Round "7"]
[White "Golubenko, Valentina"]
[Black "Alikhanov, Felix"]
[Result "0-1"]
[Board "122"]
[TimeControl "180+1"]
[WhiteFideId "4501993"]
[BlackFideId "4157427"]
[WhiteElo "2227"]
[BlackElo "2504"]
[WhiteTeam "CRO"]
[BlackTeam "RUS"]
[WhiteClock "0:00:01"]
[BlackClock "0:00:09"]

1. e4 e6 2. Nf3 d5 3. e5 c5 4. d4 cxd4 5. Nxd4 Nc6 6. Nxc6 bxc6 7. c4 Qc7 8. Bf4 Ne7 9. Bd3 Ng6 10. Bxg6 hxg6 11. cxd5 cxd5 12. O-O g5 13. Bg3 Rb8 14. Qd2 Be7 15. Nc3 Bb7 16. Rac1 Qa5 17. a3 O-O 18. Rfd1 Rfd8 19. Qe2 d4 20. Qb5 Qa6 21. Qxa6 Bxa6 22. Ne4 Rxb2 23. Rc7 Kf8 24. Nd6 Be2 25. Rdc1 d3 26. Ne4 d2 27. Nxd2 Rbxd2 28. h3 Rd1+ 29. Rxd1 Rxd1+ 30. Kh2 a6 31. Ra7 Bb5 32. Ra8+ Rd8 33. Ra7 Bxa3 34. h4 g4 35. f3 gxf3 36. gxf3 Bc5 37. Rc7 Bb6 38. Rb7 Be3 39. Kh3 Bc6 40. Rc7 Bd5 41. Kg4 a5 42. h5 a4 43. Rc3 Bd4 44. Rd3 Bb2 45. Bf4 a3 46. h6 gxh6 47. Bxh6+ Ke8 48. f4 a2 49. Kh5 a1=Q 50. Rg3 Qh1+ 51. Kg5 Bf3 52. Bg7 Qh5+ 53. Kf6 Qf5# 0-1

[Event "December 5 Early 2023"]
[Site "https://www.chess.com"]
[Date "2023.12.05"]
[Round "7"]
[White "Sreyas Payyappat"]
[Black "Abdilkhair, Abilmansur"]
[Result "1-0"]
[Board "123"]
[TimeControl "180+1"]
[WhiteFideId "46674969"]
[BlackFideId "13716417"]
[WhiteElo "2501"]
[BlackElo "1813"]
[WhiteTeam "IND"]
[BlackTeam "KAZ"]
[WhiteClock "0:00:37"]
[BlackClock "0:00:06"]

1. e4 c5 2. Nf3 e6 3. d4 cxd4 4. Nxd4 a6 5. Nc3 Qc7 6. Be3 Nc6 7. Be2 Nf6 8. O-O Bb4 9. f3 O-O 10. Bd3 Ne5 11. Nce2 Nxd3 12. Qxd3 b6 13. c3 Be7 14. Bf4 d6 15. Bg3 Bb7 16. Rad1 Rfd8 17. Kh1 Rac8 18. Nc2 b5 19. Ne3 Qa5 20. a3 Bf8 21. Ng4 Nh5 22. f4 Rc4 23. Nd4 Nxg3+ 24. Qxg3 Bxe4 25. Nf6+ Kh8 26. Nxe4 d5 27. Ng5 Rc7 28. f5 e5 29. Ndf3 h6 30. Nxe5 hxg5 31. Ng6+ Kg8 32. Qh3 1-0

[Event "December 5 Early 2023"]
[Site "https://www.chess.com"]
[Date "2023.12.05"]
[Round "7"]
[White "Mushini Ajay"]
[Black "Sadubayev, Airat"]
[Result "0-1"]
[Board "124"]
[TimeControl "180+1"]
[WhiteFideId "35066188"]
[BlackFideId "13713264"]
[WhiteElo "2415"]
[BlackElo "2665"]
[WhiteTeam "IND"]
[BlackTeam "KAZ"]
[WhiteClock "0:00:06"]
[BlackClock "0:00:24"]

1. e4 c5 2. Nf3 e6 3. d4 cxd4 4. Bg5 Qa5+ 5. c3 dxc3 6. Nxc3 Nc6 7. Bd3 Nge7 8. O-O Ng6 9. a3 h6 10. b4 Qc7 11. Be3 Be7 12. Rc1 Qb8 13. Re1 O-O 14. Qd2 b6 15. Bxh6 gxh6 16. Qxh6 Qf4 17. Qh5 Nce5 18. Nxe5 Qxe5 19. Qg4 Qg5 20. Qe2 Nf4 21. Qf3 Bb7 22. Nb5 Nxd3 23. Qxd3 d5 24. Rc7 dxe4 25. Qg3 Qxg3 26. hxg3 Ba6 27. Nxa7 Bd6 28. Rd7 Rfd8 29. Rxd8+ Rxd8 30. Rxe4 Rd7 31. Nc6 Rc7 32. Nd4 Rc1+ 33. Kh2 Kg7 34. Re2 Bxe2 35. Nxe2 Rc2 36. Nd4 Rd2 0-1

[Event "December 5 Early 2023"]
[Site "https://www.chess.com"]
[Date "2023.12.05"]
[Round "7"]
[White "Jakubowski, Krzysztof"]
[Black "Hernandez Jimenez, Alexander Andres"]
[Result "1-0"]
[Board "125"]
[TimeControl "180+1"]
[WhiteFideId "1112848"]
[BlackFideId "3900452"]
[WhiteElo "2627"]
[BlackElo "2381"]
[WhiteTeam "POL"]
[BlackTeam "VEN"]
[WhiteClock "0:02:17"]
[BlackClock "0:00:37"]

1. e4 c5 2. Nf3 d6 3. d4 cxd4 4. Nxd4 Nf6 5. Nc3 a6 6. g3 e5 7. Nde2 Be7 8. Bg2 h5 9. Bg5 Be6 10. Bxf6 Bxf6 11. Nd5 Nd7 12. h4 Rc8 13. Nec3 g6 14. a4 Bg7 15. Ra3 O-O 16. O-O Nc5 17. Qe2 Bg4 18. Bf3 Be6 19. Rd1 Qd7 20. Nb6 1-0

[Event "December 5 Early 2023"]
[Site "https://www.chess.com"]
[Date "2023.12.05"]
[Round "7"]
[White "Kolmagorov, Alexey"]
[Black "Espinoza Villanueva, Rodrigo"]
[Result "0-1"]
[Board "126"]
[TimeControl "180+1"]
[WhiteFideId "34129402"]
[BlackFideId "5140188"]
[WhiteElo "2371"]
[BlackElo "2595"]
[WhiteTeam "RUS"]
[BlackTeam "MEX"]
[WhiteClock "0:00:00"]
[BlackClock "0:01:30"]

1. d4 Nf6 2. c4 g6 3. g3 Bg7 4. Bg2 O-O 5. Nf3 Nc6 6. O-O d6 7. Nc3 a6 8. d5 Na5 9. Nd2 c5 10. a3 b5 11. cxb5 axb5 12. Nxb5 Ba6 13. Nc3 Qb6 14. Qc2 Rfb8 15. Re1 Nb3 16. Nxb3 Qxb3 17. Qxb3 Rxb3 18. e4 Nd7 19. Bg5 Kf8 20. Ra2 h6 21. Bd2 Rab8 22. Bc1 Ne5 23. Rd1 g5 24. h3 Ke8 25. Bf1 Bxf1 26. Kxf1 Nf3 27. h4 Bxc3 28. bxc3 Rxc3 29. hxg5 hxg5 30. Bb2 Rcb3 31. Bc1 f6 32. Be3 Ne5 33. a4 Ra8 34. a5 Ra6 35. Kg2 Rb5 36. Rda1 Nc4 37. Bc1 Rbxa5 38. Rxa5 Rxa5 39. Rxa5 Nxa5 40. Kf3 Kf7 41. Ke2 Nc4 42. Kd3 Ne5+ 43. Ke2 Ke8 44. Bb2 Kd7 45. f4 gxf4 46. gxf4 Ng6 47. Kf3 Kc7 48. Kg4 Nf8 49. e5 fxe5 50. fxe5 Nd7 0-1

[Event "December 5 Early 2023"]
[Site "https://www.chess.com"]
[Date "2023.12.05"]
[Round "7"]
[White "Spichkin, Alexander"]
[Black "Vivaan Vishal Shah"]
[Result "0-1"]
[Board "127"]
[TimeControl "180+1"]
[WhiteFideId "4144074"]
[BlackFideId "25184237"]
[WhiteElo "2367"]
[BlackElo "2559"]
[WhiteTeam "RUS"]
[BlackTeam "IND"]
[WhiteClock "0:00:41"]
[BlackClock "0:00:36"]

1. f4 e5 2. d3 exf4 3. Bxf4 d5 4. Nf3 Nf6 5. Nc3 Bd6 6. Qd2 O-O 7. O-O-O c6 8. e4 dxe4 9. Nxe4 Nxe4 10. dxe4 Bxf4 11. Qxf4 Qa5 12. a3 Be6 13. Ng5 Nd7 14. Nxe6 fxe6 15. Qg4 Nc5 16. Bc4 Rfe8 17. Rd6 Qc7 18. e5 Rad8 19. Bxe6+ Nxe6 20. Rxe6 Rf8 21. Rd1 Rxd1+ 22. Qxd1 Qf7 23. Qd6 Qf1+ 24. Qd1 Qxg2 25. Rd6 Rf1 26. e6 Qg5+ 27. Kb1 Rxd1+ 28. Rxd1 Qe7 29. Re1 g6 30. c4 Kg7 31. Kc2 Kf6 32. Kc3 Qxe6 33. Rxe6+ Kxe6 34. Kd4 Kf5 35. b4 g5 36. a4 h5 37. c5 g4 38. b5 h4 39. a5 a6 40. b6 g3 0-1

[Event "December 5 Early 2023"]
[Site "https://www.chess.com"]
[Date "2023.12.05"]
[Round "7"]
[White "Barbot, Pierre"]
[Black "Baziuk, Vladyslav"]
[Result "0-1"]
[Board "128"]
[TimeControl "180+1"]
[WhiteFideId "663727"]
[BlackFideId "34107940"]
[WhiteElo "2319"]
[BlackElo "2524"]
[WhiteTeam "FRA"]
[BlackTeam "UKR"]
[WhiteClock "0:00:00"]
[BlackClock "0:00:05"]

1. e4 c5 2. Nc3 d6 3. Bb5+ Bd7 4. Bxd7+ Qxd7 5. Nge2 Nc6 6. O-O g6 7. d4 cxd4 8. Nxd4 Bg7 9. Nxc6 bxc6 10. Be3 Nf6 11. f3 O-O 12. Qd2 Rab8 13. Rab1 Rfc8 14. Ne2 c5 15. c3 a5 16. Bh6 a4 17. Ng3 Qe6 18. a3 Rb3 19. Qg5 Rcb8 20. Rf2 Rxa3 21. Nf5 Bxh6 22. Nxh6+ Kh8 23. e5 dxe5 24. Re1 Ra2 25. Rfe2 Rbxb2 26. Rxe5 Rxg2+ 27. Qxg2 Rxg2+ 28. Kxg2 Qc4 29. Rxe7 Kg7 30. Nxf7 Qxc3 31. Nd6+ Kh6 32. Nf7+ Kh5 33. R7e5+ Kh4 34. Ng5 Qd2+ 35. R1e2 Qf4 36. R5e4 Nxe4 37. Rxe4 Kxg5 38. Rxf4 Kxf4 0-1

[Event "December 5 Early 2023"]
[Site "https://www.chess.com"]
[Date "2023.12.05"]
[Round "7"]
[White "Derjabin, Ilja"]
[Black "Shubhi Gupta"]
[Result "1-0"]
[Board "129"]
[TimeControl "180+1"]
[WhiteFideId "14104768"]
[BlackFideId "25195425"]
[WhiteElo "2516"]
[BlackElo "2300"]
[WhiteTeam "UKR"]
[BlackTeam "IND"]
[WhiteClock "0:00:12"]
[BlackClock "0:00:00"]

1. d4 d5 2. c4 e6 3. Nc3 Nf6 4. cxd5 exd5 5. Bg5 Bb4 6. e3 O-O 7. Bd3 h6 8. Bh4 c6 9. Ne2 Be6 10. O-O Nbd7 11. Nf4 g5 12. Nxe6 fxe6 13. Bg3 Qe7 14. f4 g4 15. Bh4 h5 16. Bg5 Qg7 17. Qb3 c5 18. dxc5 Bxc5 19. Rae1 Bb6 20. Na4 Nc5 21. Nxc5 Bxc5 22. Kh1 Rac8 23. Bh4 Qd7 24. Bxf6 Rxf6 25. Bb1 Rcf8 26. Qd3 Bb6 27. Rc1 Qf7 28. g3 e5 29. Rfd1 d4 30. Bc2 Kh8 31. Bb3 Qe7 32. exd4 exd4 33. Re1 Qd7 34. Re5 Rf5 35. Rce1 Qc6+ 36. Kg1 Rxe5 37. Rxe5 Qc1+ 38. Kg2 Qxb2+ 39. Bc2 Rf7 40. Re8+ 1-0

[Event "December 5 Early 2023"]
[Site "https://www.chess.com"]
[Date "2023.12.05"]
[Round "7"]
[White "Eugene, Floryan"]
[Black "Cardozo Munar, Carlos Eduardo"]
[Result "1-0"]
[Board "130"]
[TimeControl "180+1"]
[WhiteFideId "20694784"]
[BlackFideId "4409477"]
[WhiteElo "2514"]
[BlackElo "2287"]
[WhiteTeam "FRA"]
[BlackTeam "COL"]
[WhiteClock "0:00:44"]
[BlackClock "0:00:32"]

1. d4 d5 2. c4 e5 3. dxe5 d4 4. Nf3 Nc6 5. g3 Nge7 6. Bg2 Ng6 7. O-O Ngxe5 8. Nxe5 Nxe5 9. b3 c5 10. Nd2 Be7 11. Bb2 O-O 12. e3 Nd3 13. Ba3 dxe3 14. fxe3 Bf6 15. Rb1 Re8 16. Ne4 Be7 17. Qe2 Nb4 18. Rbd1 Qc7 19. Bb2 Be6 20. a3 Nc6 21. Qc2 Rad8 22. Qc3 f6 23. Qc2 Rxd1 24. Rxd1 Rd8 25. Nc3 Rxd1+ 26. Qxd1 b6 27. Nd5 Bf8 28. Nxc7 1-0

[Event "December 5 Early 2023"]
[Site "https://www.chess.com"]
[Date "2023.12.05"]
[Round "7"]
[White "Kotyk, Michael"]
[Black "Vorons, Uldis"]
[Result "1-0"]
[Board "131"]
[TimeControl "180+1"]
[WhiteFideId "16214501"]
[BlackFideId "11611758"]
[WhiteElo "2513"]
[BlackElo "2285"]
[WhiteTeam "GER"]
[BlackTeam "LAT"]
[WhiteClock "0:00:04"]
[BlackClock "0:00:00"]

1. e4 e5 2. Nc3 Nf6 3. f4 d5 4. fxe5 Nxe4 5. Nf3 Nc6 6. Bb5 Bd7 7. Qe2 Nxc3 8. dxc3 Bc5 9. Bg5 Be7 10. Bf4 g5 11. Bg3 g4 12. Nd4 Nxd4 13. cxd4 c6 14. Bd3 Qb6 15. c3 O-O-O 16. O-O Be6 17. b4 h5 18. a4 h4 19. Bf4 Qc7 20. a5 a6 21. Bd2 Rde8 22. Bf5 Bxf5 23. Rxf5 Qd7 24. Rxf7 Qe6 25. Raf1 Ref8 26. Qf2 Kd7 27. Bg5 g3 28. Qf6 Qxf6 29. R1xf6 gxh2+ 30. Kxh2 Rhg8 31. Rd6+ Kc8 32. Rxe7 Rxg5 33. Rdd7 Rf2 34. Rc7+ Kd8 35. Red7+ Ke8 36. Re7+ Kf8 37. Rh7 Rgxg2+ 38. Kh3 1-0

[Event "December 5 Early 2023"]
[Site "https://www.chess.com"]
[Date "2023.12.05"]
[Round "7"]
[White "De Souza, Cristiano Gomes"]
[Black "Senft, Sean"]
[Result "0-1"]
[Board "132"]
[TimeControl "180+1"]
[WhiteFideId "2151758"]
[BlackFideId "2044960"]
[WhiteElo "2276"]
[BlackElo "2491"]
[WhiteTeam "BRA"]
[BlackTeam "USA"]
[WhiteClock "0:00:00"]
[BlackClock "0:00:09"]

1. d4 d5 2. c4 c6 3. Nf3 Nf6 4. Nc3 a6 5. Bg5 Ne4 6. Bh4 Nxc3 7. bxc3 g6 8. e3 Bg7 9. c5 O-O 10. Rb1 Nd7 11. Bd3 Qe8 12. O-O e5 13. e4 exd4 14. exd5 dxc3 15. dxc6 bxc6 16. Re1 Ne5 17. Nxe5 Bxe5 18. Bf6 Bxf6 19. Rxe8 Rxe8 20. Qc2 Be6 21. h3 Rab8 22. Rb6 Rxb6 23. cxb6 Rb8 24. Bxa6 Rxb6 25. Bd3 Rb2 26. Qa4 Rxa2 27. Qxc6 Bd4 28. Kh2 Rxf2 29. Be4 Rf1 30. Qa8+ Kg7 31. g3 c2 32. Bxc2 Rf2+ 33. Kh1 Rxc2 34. Qe4 Rd2 35. g4 Bf6 36. Kg1 Rd4 37. Qe3 Ra4 38. Kf1 Bc4+ 39. Kg2 Bd5+ 40. Kf1 Be6 41. g5 Be7 42. Qe5+ Kg8 43. Qb8+ Bf8 44. Qe5 Bxh3+ 45. Ke2 Be6 46. Kd2 Rg4 47. Ke3 Ra4 48. Kf3 Ra3+ 49. Ke2 Ra2+ 50. Kd3 Rf2 0-1

[Event "December 5 Early 2023"]
[Site "https://www.chess.com"]
[Date "2023.12.05"]
[Round "7"]
[White "Martin, Lewis"]
[Black "Bold, Andre"]
[Result "0-1"]
[Board "133"]
[TimeControl "180+1"]
[WhiteFideId "410551"]
[BlackFideId "16208471"]
[WhiteElo "2274"]
[BlackElo "2486"]
[WhiteTeam "ENG"]
[BlackTeam "GER"]
[WhiteClock "0:00:00"]
[BlackClock "0:00:05"]

1. c4 c6 2. g3 d5 3. cxd5 cxd5 4. Bg2 Nf6 5. Nf3 Nc6 6. O-O Bf5 7. d4 e6 8. Bf4 Bd6 9. Nc3 Bxf4 10. gxf4 Qd6 11. Ne5 O-O 12. e3 Qb4 13. Qd2 Rac8 14. Rfc1 h6 15. a3 Qa5 16. b4 Qd8 17. b5 Na5 18. Qb2 Nd7 19. Na4 Nxe5 20. Rxc8 Qxc8 21. fxe5 Nc4 22. Qb4 Qd8 23. Nc5 Qg5 24. Kh1 b6 25. Nb7 Qh4 26. Rf1 Be4 27. f3 Nxe3 28. fxe4 Nxf1 29. Bxf1 Qxe4+ 30. Kg1 Qe3+ 31. Kg2 Rc8 32. Qb2 Rc3 33. a4 Qxd4 34. Qe2 Rb3 35. Qe1 Rb2+ 36. Kh1 Qf4 37. Bg2 d4 38. Nd6 d3 39. Ne4 d2 40. Qd1 Qe3 41. Bf3 g5 42. Kg2 Kg7 43. h3 Qe1 44. Be2 Rb1 45. Qxd2 Qg1+ 46. Kf3 Qh1+ 47. Ke3 Rb3+ 48. Kd4 Qg1+ 49. Kc4 Ra3 50. Kb4 Rxh3 51. Bd3 Rh2 52. Qc3 Qg2 53. a5 Qb2+ 54. Qxb2 Rxb2+ 55. Kc3 Rh2 56. axb6 axb6 57. Nd6 g4 58. Be4 g3 59. Nc4 g2 60. Bxg2 Rxg2 61. Nxb6 h5 62. Nd7 h4 63. b6 Rg1 64. Kb2 Rg4 65. Kb3 Rg3+ 66. Kb2 h3 67. b7 Rg2+ 0-1

[Event "December 5 Early 2023"]
[Site "https://www.chess.com"]
[Date "2023.12.05"]
[Round "7"]
[White "Sami, Sama"]
[Black "Dobre, Claudiu-Cristian"]
[Result "1-0"]
[Board "134"]
[TimeControl "180+1"]
[WhiteFideId "4802926"]
[BlackFideId "1211854"]
[WhiteElo "2270"]
[BlackElo "2481"]
[WhiteTeam "IRQ"]
[BlackTeam "ROU"]
[WhiteClock "0:00:03"]
[BlackClock "0:00:00"]

1. e4 Nc6 2. Nf3 d6 3. d4 Nf6 4. Nc3 Bg4 5. Be3 e6 6. h3 Bxf3 7. Qxf3 d5 8. e5 Nd7 9. Bb5 Ne7 10. Bg5 h6 11. Bh4 g5 12. Bg3 c6 13. Bd3 Qb6 14. O-O Qxd4 15. Ne2 Qb6 16. c4 Bg7 17. Rfe1 Bxe5 18. Bxe5 Nxe5 19. Qf6 N5g6 20. cxd5 Nxd5 21. Qg7 O-O-O 22. Qxf7 Ngf4 23. Nxf4 Nxf4 24. Bc4 Rhf8 25. Qg7 Nh5 26. Bxe6+ Kb8 27. Qe5+ Ka8 28. Qe3 Qxe3 29. Rxe3 Rd2 30. Rf1 Rxb2 31. g3 Kb8 32. a4 Re8 33. Rfe1 Nf6 34. Bf7 Rxe3 35. Rxe3 Nd5 36. Re6 Ra2 37. Rxh6 Rxa4 38. Rh5 a5 39. Rxg5 Rd4 40. h4 a4 41. Rg8+ Kc7 42. h5 Nf6 43. Ra8 b5 44. h6 Rd7 45. Bg6 Kd6 46. Rf8 Ke6 47. g4 Nxg4 48. h7 Rxh7 49. Bxh7 Nf6 50. Rc8 Kd5 51. Bf5 a3 52. Ra8 b4 53. Bc2 c5 54. Rd8+ Kc4 55. Rd6 Ng4 56. Bb1 1-0

[Event "December 5 Early 2023"]
[Site "https://www.chess.com"]
[Date "2023.12.05"]
[Round "7"]
[White "Kovalevsky, Stanislav"]
[Black "Ernst, Luca"]
[Result "1-0"]
[Board "135"]
[TimeControl "180+1"]
[WhiteFideId "13508598"]
[BlackFideId "45117055"]
[WhiteElo "2481"]
[BlackElo "2269"]
[WhiteTeam "FID"]
[BlackTeam "FRA"]
[WhiteClock "0:02:11"]
[BlackClock "0:01:04"]

1. e4 c5 2. c3 Nf6 3. e5 Nd5 4. Nf3 Nc6 5. d4 cxd4 6. Bc4 Nb6 7. Bb3 d6 8. exd6 Qxd6 9. cxd4 e6 10. O-O Be7 11. Nc3 O-O 12. Ne4 Qd8 13. Bg5 Bxg5 14. Nexg5 h6 15. Ne4 Nd5 16. a3 b6 17. Qd3 Bb7 18. Bc2 Nf4 19. Nf6+ Qxf6 20. Qh7# 1-0